 Dungeon Crawl Stone Soup version 0.18.1-48-g4cf74bf (webtiles) character file.

86 vishdafish the Ruffian (level 4, 0/45 HPs)
             Began as a Troll Berserker on July 27, 2016.
             Was a Follower of Trog.
             Slain by a worm (12 damage)
             ... while paralysed by Grinder
             ... on level 3 of the Dungeon.
             The game lasted 00:08:29 (1148 turns).

vishdafish the Ruffian (Troll Berserker)            Turns: 1148, Time: 00:08:32

Health: 0/45       AC:  6    Str: 23 (26) XL:     4   Next: 27%
Magic:  3/3        EV:  1    Int:  1 (3)  God:    Trog [*.....]
Gold:   45         SH:  0    Dex:  7 (9)  Spells: 0 memorised, 3 levels left

rFire  . . .     SeeInvis .       - Unarmed
rCold  . . .     Gourm    +     l - +0 robe
rNeg   . . .     Faith    .     (no shield)
rPois  .         Spirit   .     (helmet restricted)
rElec  .         Dismiss  .     (no cloak)
rCorr  .         Reflect  .     (gloves unavailable)
SustAt .         Harm     .     (boots unavailable)
MR     .....                    (no amulet)
Stlth  +.........               (no ring)
                                (no ring)

@: paralysed, flying (expiring), not resistant to hostile enchantments, very
unstealthy
A: unfitting armour, claws 3, rugged brown scales 1, blurry vision 2, fast
metabolism 3, gourmand, regeneration 2, shaggy fur 1, tough skin 2
a: Berserk, Burn Spellbooks, Renounce Religion


You were on level 3 of the Dungeon.
You worshipped Trog.
Trog was aware of your devotion.
You were very full.

You visited 1 branch of the dungeon, and saw 3 of its levels.

You collected 45 gold pieces.

Inventory:

Hand Weapons
 d - a +0 short sword
 g - a +0 whip
Missiles
 i - 33 stones (quivered)
Armour
 a - a +0 animal skin
 e - a +0 ring mail
 f - a +0 robe
 j - a +0 leather armour
 k - a +0 pair of gloves
 l - a +0 robe (worn)
Comestibles
 b - 3 bread rations
 c - 4 chunks of flesh
 h - a meat ration


   Skills:
 + Level 2.9 Fighting
 + Level 3.0 Dodging
 + Level 0.5 Stealth
 + Level 3.9 Unarmed Combat


You had 3 spell levels left.
You didn't know any spells.

Dungeon Overview and Level Annotations

Branches:
Dungeon (3/15)

Altars:
Qazlal
Ru

Annotations:
D:3 Grinder


Innate Abilities, Weirdness & Mutations

You are too large for most types of armour.
You have claws for hands.
Your metabolism is lightning-fast.
You like to eat raw meat.
You heal very quickly.
You are covered in fur (AC +1).
You have very tough skin (AC +2).
You are partially covered in rugged brown scales (AC +1, +3% HP).
Scrolls take you longer to read.


Message History

The worm bites you. The bat hits you. Grinder hits you.
The giant cockroach bites you.
The bat hits you. x2; The giant cockroach bites you.
Grinder hits you but does no damage. The worm bites you but does no damage.
The bat hits you but does no damage.
The giant cockroach bites you but does no damage.
Grinder gestures at you. Pain shoots through your body!
The giant cockroach bites you but does no damage.
The bat hits you but does no damage. Grinder hits you!
You writhe in agony.
The worm bites you.
* * * LOW HITPOINT WARNING * * *
The giant cockroach bites you but does no damage.
The bat hits you.
* * * LOW HITPOINT WARNING * * *
Grinder gestures at you.
You shrug off the repeated paralysis!
The giant cockroach bites you but does no damage.
The worm bites you!
You die...

...........####.###.#
...†.......# #.# .#
...........####'###.####
...........##...........
###'#########...(.......
..........# #...........
..........# #...........
..........# #...........
..........# #..b@.......
..........# ##.s5w......
...<......# #...........
############............
##..#.........
###..#.........
###..#......... .##.
#.........


You could see Grinder, a worm, a giant cockroach and a bat.

Vanquished Creatures
  Jessica (D:3)
  4 adders
  A dart slug (D:2)
  2 goblins
  6 hobgoblins
  3 kobolds
  A quokka (D:3)
  A bat (D:1)
  2 giant newts
  4 rats
25 creatures vanquished.

Notes
Turn   | Place    | Note
--------------------------------------------------------------
     0 | D:1      | vishdafish the Troll Berserker began the quest for the Orb.
     0 | D:1      | Reached XP level 1. HP: 22/22 MP: 0/0
   224 | D:1      | Reached XP level 2. HP: 29/29 MP: 1/1
   516 | D:2      | Found a sacrificial altar of Ru.
   518 | D:2      | Found a stormy altar of Qazlal.
   522 | D:2      | Reached XP level 3. HP: 32/36 MP: 2/2
  1045 | D:3      | Noticed Jessica
  1051 | D:3      | Killed Jessica
  1051 | D:3      | Reached XP level 4. HP: 38/44 MP: 3/3
  1092 | D:3      | Gained mutation: You are partially covered in rugged brown scales (AC +1, +3% HP). [potion of mutation]
  1092 | D:3      | Gained mutation: Scrolls take you a little longer to read. [potion of mutation]
  1092 | D:3      | Gained mutation: Scrolls take you longer to read. [potion of mutation]
  1132 | D:3      | Noticed Grinder
  1143 | D:3      | Paralysed by Grinder for 6 turns
  1148 | D:3      | Slain by a worm

Skill      XL: |  1  2  3  4 |
---------------+-------------+-----
Dodging        | 3 |  3.0
Fighting       | |  2.9
Stealth        | |  0.5
Unarmed Combat | |  3.9

Action                   |  1- 3 |  4- 6 || total
-------------------------+-------+-------++-------
Melee: Unarmed           |    48 |    12 ||    60
       Punch             |     1 |       ||     1
Throw: Stone             |     2 |       ||     2
  Use: Scroll            |     2 |       ||     2
       Potion            |     1 |     2 ||     3
  Eat: Chunk             |    11 |     2 ||    13
       Pizza             |     1 |       ||     1
Armor: Animal skin       |    19 |       ||    19
       Robe              |       |    16 ||    16
Dodge: Dodged            |    26 |    17 ||    43
